 Dungeon Crawl Stone Soup version 0.30-a0-845-g7c6808c8ce (webtiles) character file.

Game seed: 15666864103558060907

8773 Esekla the Carver (level 11, -1/77 HPs)
             Began as an Octopode Delver on Mar 3, 2023.
             Was an Initiate of Gozag.
             Slain by a vampire mosquito (11 damage)
             ... on level 11 of the Dungeon.
             The game lasted 01:17:56 (15112 turns).

Esekla the Carver (Octopode Delver)                Turns: 15112, Time: 01:17:56

Health: -1/77      AC:  1    Str: 18    XL:     11   Next: 36%
Magic:  19/19      EV: 15    Int: 17    God:    Gozag
Gold:   1397       SH:  5    Dex: 13    Spells: 16/20 levels left

rFire   + . .      SeeInvis +    a - +2 long sword (venom)
rCold   . . .      Faith    .    l - +0 buckler
rNeg    . . .      Spirit   .    (helmet restricted)
rPois   +          Reflect  .    Q - amulet of regeneration
rElec   .          Rampage  .    q - ring of poison resistance
rCorr   .                        w - +6 ring of strength
Will    .....                    u - ring of see invisible
Stlth   +++++                    K - ring of protection from fire
HPRegen 1.12/turn                (no ring)
MPRegen 0.16/turn                (no ring)
                                 (no ring)
                                 (no ring)

@: mighty, gold aura
A: almost no armour, amphibious, 8 rings, camouflage 1, gelatinous body 1,
(nimble swimmer 1), tentacles
a: Renounce Religion, Potion Petition, Call Merchant, Bribe Branch


You were on level 11 of the Dungeon.
You worshipped Gozag.
Gozag was most pleased with you.
You visited 2 branches of the dungeon, and saw 12 of its levels.
You also visited: Bailey.

You collected 2269 gold pieces.
You spent 226 gold pieces at shops.
You paid 646 gold pieces to Gozag.

Inventory:

Hand Weapons
 a - a +2 long sword of venom (weapon)
 r - a +2 trident of protection
 s - a +3 dagger of pain
 M - a +7 trident
Missiles
 c - 17 boomerangs (quivered)
 x - 11 poisoned darts
 A - 7 silver boomerangs
 C - 10 throwing nets
 I - 2 curare-tipped darts
Armour
 l - a +0 buckler (worn)
Jewellery
 q - a ring of poison resistance (left tentacle)
 u - a ring of see invisible (on tentacle)
 w - a +6 ring of strength (right tentacle)
 K - a ring of protection from fire (on tentacle)
 Q - an amulet of regeneration (around mantle)
Wands
 e - a wand of flame (26)
 f - a wand of digging (2)
 J - a wand of mindburst (3)
Scrolls
 b - 2 scrolls of fog
 d - 2 scrolls of fear
 i - a scroll of blinking
 j - 5 scrolls of identify
 k - 2 scrolls of vulnerability {unknown}
 o - a scroll of silence {unknown}
 t - 2 scrolls of enchant weapon {unknown}
 y - 2 scrolls of poison
 E - 2 scrolls of amnesia {unknown}
 G - a scroll of noise {unknown}
 H - 3 scrolls of teleportation {unknown}
 O - a scroll of enchant armour {unknown}
Potions
 g - 2 potions of brilliance
 h - 4 potions of might
 m - 2 potions of invisibility
 p - 2 potions of lignification
 v - 5 potions of attraction
 z - a potion of ambrosia
 B - 3 potions of flight
 D - a potion of haste
 F - 2 potions of magic
 L - a potion of mutation


   Skills:
 * Level 8.1 Fighting
 + Level 1.0(6.6) Short Blades
 * Level 10.4 Long Blades
 + Level 3.6 Throwing
 * Level 6.7 Dodging
 + Level 10.1 Stealth
 + Level 3.7 Shields
 * Level 5.4 Spellcasting
 * Level 1.5 Air Magic


You had 16 spell levels left.
You knew the following spells:

 Your Spells              Type           Power      Damage    Failure   Level
k - Airstrike             Air            4%         2d(1-17)  67%         4

Your spell library contained the following spells:

 Spells                   Type           Power      Damage    Failure   Level
 Sandblast                Erth           8%         2d5       19%         1
 Passwall                 Tmut/Erth      3%         N/A       26%         2
 Kindle Blastsparks       Fire/Tloc/Air  12%        2d11      41%         3
 Dazzling Flash           Conj/Hex       8%         N/A       47%         3
 Portal Projectile        Hex/Tloc       8%         N/A       47%         3
 Stone Arrow              Conj/Erth      8%         3d7       47%         3
 Tukima's Dance           Hex            4%         N/A       47%         3
 Summon Lightning Spire   Summ/Air       7%         N/A       78%         4
 Fulminant Prism          Conj/Hex       2%         3d5       87%         4
 Iskenderun's Mystic Bla  Conj/Tloc      4%         2d3       87%         4
 Lightning Bolt           Conj/Air       3%         1d15      98%         5
 Silence                  Hex/Air        3%         N/A       98%         5
 Agony                    Necr           4%         N/A       99%         5
 Blade Hands              Tmut           2%         N/A       99%         5
 Lee's Rapid Deconstruct  Erth           2%         3d4*      99%         5
 Storm Form               Tmut/Air       3%         N/A       100%        7
 Maxwell's Capacitive Co  Air            4%         ∞         100%        8


Dungeon Overview and Level Annotations

Branches:
Dungeon (11/15)            Temple (1/1) D:5            Lair (0/5) D:11
 Bailey (visited)
    Orc: D:9-12

Altars:
Fedhas
Gozag
Hepliaklqana
Nemelex Xobeh
Ru
Uskayaw
Wu Jian
The Shining One

Shops:
D:3 (   D:6 (   D:9 :

Annotations:
D:8 acid dragon
D:9 2 headed ogre


Innate Abilities, Weirdness & Mutations

You cannot wear most types of armour.
You are amphibious.
You can wear up to eight rings at the same time.
Your skin changes colour to match your surroundings (Stealth+).
Your rubbery body absorbs attacks. (AC +1, EV +1)
((You are camouflaged when in or above water. (Stealth+)))
You have tentacles for arms and can constrict up to eight enemies at once.


Message History

The vampire mosquito misses you. The vampire mosquito bites you!
* * * LOW HITPOINT WARNING * * *
The vampire mosquito draws strength from your injuries!
You feel much better.
You constrict the vampire mosquito. The vampire mosquito bites you!
* * * LOW HITPOINT WARNING * * *
The vampire mosquito draws strength from your injuries!
The vampire mosquito barely misses you. The vampire mosquito bites you!
* * * LOW HITPOINT WARNING * * *
The vampire mosquito draws strength from your injuries!
The vampire mosquito bites you.
* * * LOW HITPOINT WARNING * * *
The vampire mosquito draws strength from your injuries!
You feel much better.
You constrict the vampire mosquito. The vampire mosquito bites you.
The vampire mosquito draws strength from your injuries!
The vampire mosquito bites you!
* * * LOW HITPOINT WARNING * * *
The vampire mosquito draws strength from your injuries!
The vampire mosquito barely misses you.
The vampire mosquito closely misses you.
You hit the vampire mosquito.
The vampire mosquito is moderately damaged.
You constrict the vampire mosquito! The vampire mosquito bites you.
* * * LOW HITPOINT WARNING * * *
The vampire mosquito draws strength from your injuries!
The vampire mosquito closely misses you.
The vampire mosquito bites you!
* * * LOW HITPOINT WARNING * * *
The vampire mosquito draws strength from your injuries!
You block the vampire mosquito's attack.
You slice the vampire mosquito!!
You destroy the vampire mosquito!
The vampire mosquito bites you!
* * * LOW HITPOINT WARNING * * *
The vampire mosquito draws strength from your injuries!
You block the vampire mosquito's attack.
You feel better. The vampire mosquito bites you!
You die...
Your body crumbles into a pile of gold.

#................#
..
#..##'##.........##+
..
#..#...#............
..
#..#...#............
##
#..#...#............
#
#..#...#............
#
#..#...#...#'####...
# ..#####...y$...#
.........$#@...#
..........#....#
##.......#....#
#>......######
###..!....y
#.........y
##.........
#.........
#.........


You could see a vampire mosquito.

Vanquished Creatures
  2 gargoyles (D:10)
  2 trolls
  A shadow (D:7)
  3 vampire mosquitoes (D:11)
  9 yaks
  A wyvern (D:5)
  Grum (Bailey)
  A steam dragon (D:9)
  2 water moccasins
  Duvessa (D:7)
  4 orc warriors
  An ice beast (D:5)
  2 sky beasts
  2 black bears (D:7)
  3 wolves (Bailey)
  2 ogres
  A centaur (D:7)
  2 phantoms
  4 kobold brigands
  3 bullfrogs
  3 scorpions
  6 gnoll sergeants (Bailey)
  5 wights (D:7)
  Dowan (D:7)
  14 killer bees
  9 howler monkeys
  8 hounds
  8 orc priests
  3 iguanas
  2 jellies
  A sleepcap (D:4)
  7 gnoll boudas (Bailey)
  11 orc wizards
  5 adders
  11 gnolls (Bailey)
  A white imp (D:6)
  4 ufetubi
  3 worms
  33 orcs
  5 ball pythons
  8 endoplasms
  5 giant cockroaches
  9 goblins
  5 hobgoblins
  14 jackals
  8 quokkas
  2 bats
  5 frilled lizards (D:1)
  25 kobolds
  4 rats
272 creatures vanquished.

Notes
Turn   | Place    | Note
-------+----------+-------------------------------------------
     0 | D:5      | Esekla the Octopode Delver began the quest for the Orb.
     0 | D:5      | Reached XP level 1. HP: 16/16 MP: 1/1
     9 | D:5      | Noticed an ogre
    93 | D:5      | Noticed a wyvern
   231 | D:5      | Reached XP level 2. HP: 21/21 MP: 2/2
   289 | D:5      | Noticed an ice beast
   350 | D:5      | Found a staircase to the Ecumenical Temple.
   357 | Temple   | Entered the Ecumenical Temple
   374 | Temple   | Became a worshipper of Gozag Ym Sagoz the Greedy
   631 | D:4      | Noticed a phantom
   634 | D:4      | Noticed a scorpion
   847 | D:4      | Reached XP level 3. HP: 16/26 MP: 3/3
   937 | D:4      | Found a glowing golden altar of the Shining One.
  1176 | D:4      | Reached XP level 4. HP: 31/31 MP: 4/4
  1487 | D:3      | Reached XP level 5. HP: 34/36 MP: 6/6
  1521 | D:3      | Reached skill level 1 in Shields
  1523 | D:3      | Found Fezabud's Antique Weapon Shoppe.
  1681 | D:3      | Found a hazy altar of Hepliaklqana.
  1790 | D:3      | Reached skill level 1 in Spellcasting
  1915 | D:2      | Identified the +0 scale mail of Weightlessness {Harm Str+3
                  | Dex-4}
  3879 | D:3      | Reached XP level 6. HP: 43/43 MP: 7/7
  4727 | D:4      | Reached XP level 7. HP: 34/48 MP: 9/9
  5315 | D:6      | Found an ornate altar of the Wu Jian Council.
  5716 | D:6      | Reached skill level 1 in Throwing
  5925 | D:5      | Reached XP level 8. HP: 49/54 MP: 11/11
  6185 | D:6      | Reached skill level 5 in Fighting
  6185 | D:6      | Reached skill level 5 in Long Blades
  6715 | D:7      | Noticed a shadow
  6765 | D:6      | Bought a +2 long sword of venom for 226 gold pieces
  6805 | D:7      | Noticed Dowan
  6924 | D:7      | Reached XP level 9. HP: 59/62 MP: 13/13
  7107 | D:7      | Found a sparkling altar of Nemelex Xobeh.
  7891 | D:7      | Noticed Duvessa
  7897 | D:7      | Killed Duvessa
  7912 | D:7      | Killed Dowan
  8771 | D:8      | Reached skill level 5 in Dodging
  8867 | D:8      | Reached skill level 1 in Short Blades
  9440 | D:9      | Reached XP level 10. HP: 53/69 MP: 16/16
  9462 | D:9      | Noticed a two-headed ogre
  9601 | D:9      | Found Ycijux's Vocational Training.
 10420 | D:10     | Entered Level 10 of the Dungeon
 10512 | D:10     | Noticed a gargoyle
 10629 | D:10     | Noticed a gargoyle
 10691 | D:10     | Found a flagged portal.
 10903 | Bailey   | Entered a bailey
 11856 | Bailey   | Noticed Grum
 11879 | Bailey   | Killed Grum
 12173 | Bailey   | Reached skill level 10 in Stealth
 12425 | D:10     | Reached skill level 5 in Spellcasting
 12518 | D:10     | Found a sacrificial altar of Ru.
 12651 | D:10     | Reached skill level 10 in Long Blades
 12651 | D:10     | Reached XP level 11. HP: 55/76 MP: 18/18
 13753 | D:5      | Learned a level 4 spell: Airstrike
 14927 | D:11     | Noticed a cyclops
 14927 | D:11     | Noticed a cyclops
 14935 | D:11     | Found a staircase to the Lair.
 15096 | D:11     | Reached skill level 1 in Air Magic
 15111 | D:11     | HP: 3/77 [vampire mosquito (9)]
 15112 | D:11     | Slain by a vampire mosquito

Illustrated notes

Levels and vault maps discovered:
D:1:      shiori_arrival_whats_in_store_for_you, layout_basic,
          hangedman_decor_diamond_cutter
D:2:      layout_basic
D:3:      layout_loops_ring, mainiacjoe_overflow_tiny_flanked, serial_shops,
          shop, serial_bayou_pond_e
D:4:      layout_rooms, lemuel_tele_altar, roderic_roman_lattice,
          hangedman_decor_opposing, corner_web_ring
D:5:      layout_gridville, minmay_temple_entry_hall
D:6:      layout_rooms, nzn_wu_jian_council_hall
D:7:      layout_loops_corners, nemelex_dance_club_becter, uniq_duvessa
D:8:      layout_rooms
D:9:      layout_grid_maze, nicolae_shop_vocational
D:10:     layout_long_grid, nicolae_ru_awakened_eye, enter_bailey_5
D:11:     layout_irregular_city, lair_entry_dummy
Temple:   bh_familiar_temple

Skill      XL: |  1  2  3  4  5  6  7  8  9 10 11 |
---------------+----------------------------------+-----
Stealth        | 7 8 9 10 | 10.1
Shields        | 1 2 3 |  3.7
Dodging        | 3 4 5 6 |  6.7
Spellcasting   | 1 2 3 4 5 |  5.4
Long Blades    | 3 4 6 8 10 | 10.4
Fighting       | 4 5 6 7 8 |  8.1
Throwing       | 1 3 |  3.6
Short Blades   | 1 |  1.0
Air Magic      | 1 |  1.5

Action                     |  1- 3 |  4- 6 |  7- 9 | 10-12 || total
---------------------------+-------+-------+-------+-------++-------
  Melee: Falchion          |    46 |   138 |    80 |       ||   264
         Constrict         |    11 |    23 |    46 |    59 ||   139
         Tentacles         |     4 |    26 |    57 |    74 ||   161
         Dagger            |       |     8 |    19 |     7 ||    34
         Punch             |       |     2 |     5 |     5 ||    12
         Long sword        |       |       |   121 |   265 ||   386
  Throw: Boomerang         |     4 |     3 |       |    17 ||    24
         Dart              |       |     2 |     9 |    60 ||    71
 Invoke: Call Merchant     |       |       |     1 |       ||     1
  Evoke: Wand              |     1 |       |       |     2 ||     3
    Use: Scroll            |     1 |       |    12 |     6 ||    19
         Potion            |       |     1 |     3 |     6 ||    10
   Stab: Sleeping          |       |    25 |    14 |     5 ||    44
         Distracted        |       |     1 |     3 |     2 ||     6
 Armour: Skin              |     1 |     4 |     5 |     9 ||    19
  Dodge: Dodged            |    28 |    71 |   118 |   169 ||   386
  Block: Buckler           |     9 |    13 |    36 |    56 ||   114

Table legend: (Time is in decaauts)
 A = Elapsed time spent in this place.
 B = Non-inter-level travel time spent in this place.
 C = Inter-level travel time spent in this place.
 D = Time resting spent in this place.
 E = Time spent auto-exploring this place.
 F = Levels seen in this place.
 G = Mean time per level.
                   A        B        C        D        E       F      G
               +--------+--------+--------+--------+--------+-----+--------+
         Total |  15130 |  14559 |    571 |   4306 |   2803 |  13 | 1163.8 |
       Dungeon |  13600 |  13040 |    560 |   3551 |   2725 |  11 | 1236.4 |
        Temple |     28 |     17 |     11 |      0 |      7 |   1 |   28.0 |
        Bailey |   1501 |   1501 |      0 |    755 |     71 |   1 | 1501.0 |
               +--------+--------+--------+--------+--------+-----+--------+

Top non-repeatable levels by time:
     D:9: 2033 daAuts
     D:7: 1877 daAuts
  Bailey: 1501 daAuts
     D:4: 1371 daAuts
    D:10: 1229 daAuts
     D:5: 1226 daAuts
     D:3: 1207 daAuts
     D:2: 1105 daAuts
     D:8: 1052 daAuts
     D:6: 960 daAuts
     D:1: 866 daAuts
    D:11: 669 daAuts
  Temple: 28 daAuts
